 Dungeon Crawl Stone Soup version 0.23-a0-405-g368ce007a8 (console) character file.

37 Gottschkopf the Changer (level 3, -3/28 HPs)
             Began as a Draconian Transmuter on Nov 6, 2018.
             Slain by a worm (4 damage)
             ... on level 1 of the Dungeon.
             The game lasted 00:02:34 (1374 turns).

Gottschkopf the Changer (Draconian Transmuter)      Turns: 1374, Time: 00:02:35

Health: -3/28      AC:  5    Str: 12    XL:     3   Next: 21%
Magic:  5/6        EV: 12    Int: 14    God:
Gold:   29         SH:  0    Dex: 11    Spells: 2/6 levels left

rFire    . . .     SeeInvis .     - Unarmed
rCold    . . .     Gourm    .   (no shield)
rNeg     . . .     Faith    .   (armour unavailable)
rPois    .         Spirit   .   (helmet restricted)
rElec    .         Reflect  .   (no cloak)
rCorr    .         Harm     .   (no gloves)
MR       .....                  (boots currently unavailable)
Stlth    +.........             (no amulet)
HPRegen  0.09/turn              (no ring)
MPRegen  0.10/turn              (no ring)

@: appendage
A: unfitting armour, talons 3, cold-blooded, AC +5
a: End Transformation


You were on level 1 of the Dungeon.
You were not hungry.
You had grown temporary talons.
You visited 1 branch of the dungeon, and saw 2 of its levels.

You collected 29 gold pieces.

Inventory:

Missiles
 a - 12 arrows
Scrolls
 b - a scroll of enchant weapon {unknown}
 e - a scroll of identify {unknown}
Potions
 f - a potion of lignification {unknown}
 g - 2 potions of degeneration {unknown}
 h - a potion of invisibility {unknown}
 i - a potion of haste {unknown}
Comestibles
 c - 10 rations
 d - 2 chunks of flesh


   Skills:
 - Level 1.1 Fighting
 - Level 1.7 Dodging
 - Level 3.0 Unarmed Combat
 - Level 2.0 Spellcasting
 + Level 3.7 Transmutations


You had 2 spell levels left.
You knew the following spells:

 Your Spells              Type           Power        Failure   Level  Hunger
a - Beastly Appendage     Tmut           ##....       5%          1    ##.....
b - Spider Form           Tmut/Pois      #.........   32%         3    ####...

Your spell library contained the following spells:

 Spells                   Type           Power        Failure   Level  Hunger
 Sticks to Snakes         Tmut           ##......     8%          2    ###....
 Ice Form                 Ice/Tmut       #.......     73%         4    #####..
 Blade Hands              Tmut           ##........   82%         5    ######.


Dungeon Overview and Level Annotations

Branches:
Dungeon (2/15)

Altars:

Annotations:
D:2 Robin, Sigmund


Innate Abilities, Weirdness & Mutations

Your plain brown scales are hard. (AC +5)
You cannot fit into any form of body armour.
You are cold-blooded and may be slowed by cold attacks.
You have claws for feet.


Message History

* * * LOW HITPOINT WARNING * * *
You hit the worm.
The worm is heavily wounded.
Casting: Beastly Appendage (safe; 5% risk of failure)
Confirm with . or Enter, or press ? or * to list all spells.
You extend your transformation's duration.
The worm bites you.
* * * LOW HITPOINT WARNING * * *
Some of the chunks of flesh in your inventory have rotted away.
Unknown command.
You barely miss the worm. You claw the worm.
Your tail-slap misses the worm.
The worm is severely wounded.
You hit the worm. Your kick misses the worm.
The worm is almost dead.
The worm bites you.
* * * LOW HITPOINT WARNING * * *
You hit the worm but do no damage.
The worm is almost dead.
The worm bites you.
You die...

### #.########
#........# #.#####.##
#@# #.# #w# #.# #)# #.#
################)# #.#
................>#####.#
########.###...........#
#.# #.#########.## #.#
#.##.........#
########.#
#.##.######.##


You could see a worm.

Vanquished Creatures
  A leopard gecko (D:1)
  A ball python (D:1)
  5 bats
  10 goblins (D:1)
  6 hobgoblins (D:1)
  2 kobolds (D:1)
  A frilled lizard (D:1)
  4 rats
30 creatures vanquished.

Notes
Turn   | Place    | Note
-------+----------+-------------------------------------------
     0 | D:1      | Gottschkopf the Draconian Transmuter began the quest for
                  | the Orb.
     0 | D:1      | Reached XP level 1. HP: 16/16 MP: 3/3
   297 | D:1      | Reached XP level 2. HP: 22/23 MP: 3/5
   854 | D:2      | Noticed Sigmund
  1078 | D:2      | Noticed Robin
  1240 | D:1      | Reached XP level 3. HP: 19/28 MP: 4/6
  1265 | D:1      | Learned a level 3 spell: Spider Form
  1373 | D:1      | HP: 1/28 [worm (2)]
  1374 | D:1      | Slain by a worm

Vault maps used:
D:1:      erik_arrival_cave_to_civilisation
D:2:      cheibriados_altar_1, uniq_sigmund, uniq_robin

Skill      XL: |  1  2 |
---------------+-------+-----
Transmutations | 3 |  3.7
Fighting       | |  1.1
Dodging        | |  1.7
Unarmed Combat | |  3.0
Spellcasting   | |  2.0

Action                   || total
-------------------------++-------
Melee: Unarmed           ||   109
       Tailslap          ||    12
       Kick              ||     9
       Punch             ||     1
       Headbutt          ||     3
 Cast: Beastly Appendage ||    22
  Eat: Chunk             ||     2
Armor: Skin              ||    45
Dodge: Dodged            ||   110

Table legend:
 A = Non-vault XP
 B = Vault XP
 C = Vault XP percentage of total XP
 D = Non-vault monster count
 E = Vault monster count
 F = Vault count percentage of total count
                 A         B        C        D         E       F
            +---------+---------+-------+---------+---------+-------
      Total |      31 |      22 |  41.5 |      19 |      11 |  36.7
            +---------+---------+-------+---------+---------+-------
        D:1 |      28 |      22 |  44.0 |      17 |      11 |  39.3
        D:2 |       3 |       0 |   0.0 |       2 |       0 |   0.0
            +---------+---------+-------+---------+---------+-------
